 Dungeon Crawl Stone Soup version 0.31-a0-431-g88bdf31460 (webtiles) character file.

Game seed: 11740446284988529665

197 Shard1697 the Chopper (level 5, -1/45 HPs)
             Began as a Naga Gladiator on Aug 1, 2023.
             Slain by Duvessa
             ... wielding a +0 short sword
              (6 damage)
             ... on level 3 of the Dungeon.
             The game lasted 00:04:49 (2947 turns).

Shard1697 the Chopper (Naga Gladiator)              Turns: 2947, Time: 00:04:50

Health: -1/45      AC:  8    Str: 18    XL:     5   Next: 75%
Magic:  5/5        EV:  6    Int:  8    God:
Gold:   54         SH: 12    Dex: 13    Spells: 4/4 levels left

rFire   . . .        a - +0 war axe
rCold   . . .        h - +0 tower shield
rNeg    . . .        b - +0 leather armour
rPois   +            c - +0 helmet
rElec   .            (no cloak)
rCorr   .            (no gloves)
SInv    +            (no barding)
Will    .....        (no amulet)
Stlth   +            f - +4 ring of protection
HPRegen 0.27/turn    (no ring)
MPRegen 0.09/turn

%: no passive effects
@: invisible, very slow
A: AC +1, large, see invisible, deformed body, poison resistance, slowness 2,
spit poison 1, naga tail 1
a: Spit Poison


You were on level 3 of the Dungeon.
You visited 1 branch of the dungeon, and saw 4 of its levels.

You collected 144 gold pieces.
You spent 90 gold pieces at shops.

Inventory:

Hand Weapons
 a - a +0 war axe (weapon)
Missiles
 k - a javelin
Armour
 b - a +0 leather armour (worn)
 c - a +0 helmet (worn)
 h - a +0 tower shield (worn)
 o - a +0 chain mail
Jewellery
 f - a +4 ring of protection (left hand)
Wands
 i - a wand of flame (13)
Scrolls
 g - a scroll of enchant armour
Potions
 e - a potion of curing
 j - 2 potions of cancellation
 m - a potion of brilliance
 n - a potion of mutation


   Skills:
 + Level 2.2 Fighting
 * Level 5.4 Axes
 - Level 1.7 Throwing
 - Level 2.4 Dodging
 + Level 2.2 Shields


You had 4 spell levels left.
You didn't know any spells.
Your spell library contained the following spells:

 Spells                   Type           Power      Damage    Failure   Level
 Sting                    Tmut/Pois      0%         1d3       99%         1
 Passwall                 Tmut/Erth      0%         N/A       100%        2
 Wereblood                Tmut           0%         N/A       100%        2
 Alistair's Intoxication  Tmut/Pois      0%         N/A       100%        5
 Yara's Violent Unravell  Hex/Tmut       0%         3d3       100%        5


Dungeon Overview and Level Annotations

Branches:
Dungeon (4/15)
 Temple: D:4-7

Altars:
Trog

Shops:
D:2 ?   D:3 !

Portals:
Abyss: D:3

Annotations:
D:3 2 transporters, BaconRulez's ghost, weakling DgSh; Duvessa
D:4 Ijyb


Innate Abilities, Weirdness & Mutations

Your serpentine skin is tough. (AC +1)
You have supernaturally acute eyesight. (SInv)
Armour fits poorly on your strangely shaped body.
Your system is resistant to poisons. (rPois)
You cover ground very slowly.
You can spit poison.
You have a snake-like lower body.


Message History

Duvessa is caught in the net!
Duvessa is lightly wounded.
Duvessa struggles against the net. x2
Aiming: Spit Poison (1% risk of failure)
Press: ? - help, Shift-Dir - straight line, f/p - Duvessa
Aim: Duvessa, wielding a +0 short sword and wearing a +0 chain mail (lightly wounded, berserk, entangled in a net, 100% to hit)
The splash of poison hits Duvessa.
Duvessa is poisoned.
Duvessa is lightly wounded.
Duvessa struggles against the net.
The net rips apart, and Duvessa comes free!
You hit Duvessa but do no damage.
Duvessa is lightly wounded.
Duvessa hits you with a +0 short sword! Duvessa barely misses you.
You closely miss Duvessa.
Duvessa is moderately wounded.
You block Duvessa's attack. x2
You strike the helpless Duvessa from behind!
You slash Duvessa!
Duvessa is heavily wounded.
You have got your breath back.
You block Duvessa's attack. Duvessa hits you with a +0 short sword!
* * * LOW HITPOINT WARNING * * *
You block Duvessa's attack.
You hit Duvessa.
Duvessa is heavily wounded.
You block Duvessa's attack. x2
You slash Duvessa!
Duvessa is severely wounded.
Duvessa looks more healthy.
Duvessa closely misses you. Duvessa hits you with a +0 short sword.
* * * LOW HITPOINT WARNING * * *
You barely miss Duvessa.
Duvessa is severely wounded.
You block Duvessa's attack. Duvessa closely misses you.
Duvessa hits you with a +0 short sword.
* * * LOW HITPOINT WARNING * * *
You closely miss Duvessa.
Duvessa is severely wounded.
Duvessa barely misses you. Duvessa hits you with a +0 short sword.
You die...

#.............#.#.#
#.....#####.###.#.#
##...## #.......#
##.## #####'### #.#
##...## # #.#####
##.....## #
#.....####.......## #
#.......#.........###
#..e@...'.........'..
#.....#>#.........#.#
#.#...#.##.......##.#
#.#.###.###.....###..
#.......# ##...## ###
###.##### ##'## # #.#
#.# # #.# #.# # #.#
##.## #


You could see Duvessa (berserk, unable to see you).

Vanquished Creatures
  A scorpion (D:3)
  Dowan (D:4)
  3 adders
  2 worms
  A dart slug (D:2)
  An orc (D:3)
  3 bats
  8 endoplasms
  A giant cockroach (D:2)
  4 goblins
  3 hobgoblins
  7 jackals
  4 quokkas
  A ball python (D:1)
  4 frilled lizards
  6 kobolds
  3 rats
53 creatures vanquished.

Notes
Turn   | Place    | Note
-------+----------+-------------------------------------------
     0 | D:1      | Shard1697 the Naga Gladiator began the quest for the Orb.
     0 | D:1      | Reached XP level 1. HP: 19/19 MP: 1/1
   185 | D:1      | Reached XP level 2. HP: 11/26 MP: 2/2
   830 | D:2      | Reached skill level 4 in Axes
   830 | D:2      | Reached XP level 3. HP: 26/32 MP: 3/3
  1156 | D:2      | Reached skill level 1 in Shields
  1176 | D:2      | Found Ytovvaeb's Magic Scroll Boutique.
  1183 | D:2      | You fall into a shaft and drop 1 floor!
  1202 | D:2      | Bought a scroll of enchant armour for 90 gold pieces
  1580 | D:3      | Found a transporter.
  1647 | D:3      | Reached XP level 4. HP: 26/39 MP: 4/4
  1733 | D:3      | Noticed BaconRulez's ghost (weakling DgSh)
  1738 | D:3      | Found a transporter.
  1739 | D:3      | Found a one-way gate to the infinite horrors of the Abyss.
  1829 | D:3      | Got the Tome of Reconstruction
  2405 | D:3      | Found Yxuch's Distillery.
  2530 | D:3      | Identified a scroll of acquirement
  2530 | D:3      | Acquired a +4 ring of protection
  2546 | D:4      | Noticed Ijyb
  2546 | D:4      | Noticed a scorpion
  2552 | D:3      | Killed a scorpion
  2553 | D:3      | Reached skill level 5 in Axes
  2553 | D:3      | Reached XP level 5. HP: 41/45 MP: 5/5
  2617 | D:4      | Found a bloodstained altar of Trog.
  2618 | D:4      | Noticed Dowan
  2758 | D:4      | Killed Dowan
  2917 | D:4      | Noticed Duvessa
  2947 | D:3      | Slain by Duvessa

Illustrated notes

Levels and vault maps discovered:
D:1:      lemuel_arrival_behind_the_door_small, layout_rooms, nrook_mini_vaults
D:2:      layout_basic, serial_shops, nicolae_shop_getting_attention
D:3:      layout_loops_corners, gammafunk_ghost_abyssal_escape, serial_shops,
          shop
D:4:      layout_rooms, bloody_trog, nicolae_wu_jian_immortal_techniques,
          serial_shops, shop, uniq_grinder, uniq_eustachio, uniq_duvessa,
          uniq_ijyb

Skill      XL: |  1  2  3  4 |
---------------+-------------+-----
Axes           | 4 5 |  5.4
Shields        | 1 2 |  2.2
Fighting       | |  2.2
Throwing       | |  1.7
Dodging        | |  2.4

Action                     |  1- 3 |  4- 6 || total
---------------------------+-------+-------++-------
  Melee: War axe           |   113 |    59 ||   172
  Throw: Throwing net      |       |     3 ||     3
Ability: Spit Poison       |    10 |     8 ||    18
    Use: Scroll            |       |     9 ||     9
         Potion            |       |     2 ||     2
   Stab: Invisible         |       |     2 ||     2
 Armour: Leather armour    |    25 |    28 ||    53
  Dodge: Dodged            |    30 |    22 ||    52
  Block: Tower shield      |    79 |    46 ||   125

Table legend: (Time is in decaauts)
 A = Elapsed time spent in this place.
 B = Non-inter-level travel time spent in this place.
 C = Inter-level travel time spent in this place.
 D = Time resting spent in this place.
 E = Time spent auto-exploring this place.
 F = Levels seen in this place.
 G = Mean time per level.
                   A        B        C        D        E       F      G
               +--------+--------+--------+--------+--------+-----+--------+
         Total |   3865 |   3625 |    240 |    278 |   2626 |   4 |  966.2 |
       Dungeon |   3865 |   3625 |    240 |    278 |   2626 |   4 |  966.2 |
               +--------+--------+--------+--------+--------+-----+--------+

Top non-repeatable levels by time:
     D:3: 1568 daAuts
     D:2: 1284 daAuts
     D:1: 747 daAuts
     D:4: 265 daAuts
